Map: Terraform LE (Void)

Players

AcerBly (Bly)

  • Race: Zerg Zerg
  • League: Master

RayReign - Winner!

  • Race: Protoss Protoss
  • League: Master

Event: ASL Season 5 Prime League LOTV Beta

VOD

Have the link to the VOD?

Description

Time

  • Played on: Sept. 4, 2015, 11:24 p.m.
  • Length: 14:46

All games in this series

Show
View Real Time Build Order
Export as new Build Order

AcerBly Zerg 

Build Orders: Hatch First, Lurkers 

Get SALT Encoding   

  12  0:01  Drone  
  13  0:15  Overlord  
  14  0:21  Drone  
  14  0:33  Drone x2  
  16  0:38  Drone  
  17  0:48  Drone  
  18  1:03  Drone  
  19  1:05  Extractor  
  19  1:09  Hatchery  
  17  1:16  Drone, Spawning Pool  
  17  1:20  Drone  
  18  1:33  Drone  
  19  1:41  Overlord  
  19  2:02  Queen  
  19  2:03  Zergling x4  
  19  2:05  Metabolic Boost  
  23  2:13  Zergling x2  
  24  2:22  Drone, Queen  
  27  2:31  Hatchery  
  27  2:35  Drone  
  27  2:36  Drone  
  28  2:39  Drone  
  29  2:44  Drone  
  30  2:54  Overlord  
  29  3:05  Zergling x4  
  29  3:06  Zergling x2  
  29  3:12  Overlord, Zergling x2  
  33  3:13  Zergling x4  
  35  3:22  Roach Warren  
  34  3:28  Drone x3  
  34  3:32  Drone x3  
  40  3:36  Overlord  
  40  3:50  Lair  
  40  3:51  Drone x3  
  40  3:55  Overlord  
  43  4:05  Drone x6  
  49  4:13  Spore Crawler  
  49  4:14  Spore Crawler  
  49  4:16  Spore Crawler  
  46  4:18  Queen  
  46  4:23  Drone x2  
  50  4:37  Drone x7  
  50  4:38  Drone x4  
  61  4:43  Extractor  
  61  4:44  Overlord, Extractor  
  59  4:49  Hydralisk Den  
  59  4:51  Drone x4  
  62  5:01  Overlord  
  62  5:06  Extractor  
  61  5:08  Drone x2  
  61  5:09  Drone  
  61  5:10  Glial Reconstitution  
  61  5:11  Overlord  
  61  5:13  Lurker Den, Overseer  
  64  5:19  Overlord  
  64  5:20  Overlord  
  61  5:40  Hydralisk x3  
  66  5:45  Drone x6, Extractor  
  66  5:46  Drone x5, Extractor  
  75  5:50  Hydralisk x2  
  75  5:53  Hydralisk  
  81  5:59  Overlord  
  81  6:05  Roach x3  
  81  6:06  Roach x2  
  90  6:18  Roach x5  
  98  6:23  Roach  
  98  6:24  Roach x3  
  98  6:25  Roach  
  108  6:33  Overseer  
  108  6:36  Overlord x3  
  108  6:37  Overlord x2  
  108  6:39  Hatchery  
  107  6:44  Muscular Augments  
  107  6:56  Lurker x2  
  107  6:57  Lurker  
  107  6:59  Hydralisk  
  112  7:02  Zergling x14  
  112  7:05  Roach x4  
  127  7:12  Roach x3  
  127  7:13  Roach x2  
  127  7:14  Overlord  
  137  7:21  Roach x3  
  138  7:45  Hydralisk x8  
  138  7:46  Hydralisk  
  115  8:02  Hydralisk x6  
  115  8:05  Drone x6  
  121  8:06  Drone x2  
  126  8:13  Hydralisk x3  
  126  8:18  Overseer  
  132  8:20  Overseer  
  132  8:22  Extractor x2  
  132  8:23  Hydralisk  
  132  8:35  Spine Crawler  
  132  8:37  Drone  
  132  8:38  Drone  
  132  8:39  Spine Crawler  
  132  8:41  Spine Crawler  
  132  8:44  Hydralisk x6  
  132  8:45  Hydralisk x2  
  147  8:51  Evolution Chamber  
  146  9:09  Hatchery  
  130  9:16  Hydralisk x8  
  124  9:25  Roach x4  
  124  9:26  Overseer  
  129  9:37  Lurker x5  
  134  9:39  Overlord x3  
  134  9:41  Lurker  
  134  9:45  Zerg Missile Weapons Level 1  
  135  9:57  Infestation Pit  
  134  10:01  Roach x6  
  146  10:11  Lurker x3  
  147  10:23  Pneumatized Carapace  
  147  10:25  Roach x8  
  159  10:33  Roach x3  
  165  10:44  Burrow  
  118  11:13  Hydralisk x8  
  118  11:14  Hydralisk x5  
  132  11:24  Hydralisk  
  115  11:37  Hydralisk x4  
  115  11:38  Hydralisk  
  99  11:45  Hydralisk  
  99  11:46  Hydralisk x3  
  85  11:58  Hydralisk  
  85  11:59  Hydralisk x2  
  71  12:12  Hydralisk x3  
  71  12:15  Infestor  
  79  12:28  Hydralisk  
  79  12:29  Hydralisk  
  81  12:32  Infestor x2  
  72  12:45  Hydralisk x3  
  72  12:49  Infestor x3  
  78  12:52  Hydralisk x2  
  82  13:03  Drone x11  
  72  13:31  Hatchery  
  71  13:34  Extractor x2  
  69  13:46  Overlord x3  
  69  14:03  Spawning Pool  
  68  14:17  Drone x2  
Show
View Real Time Build Order
Export as new Build Order

RayReign Protoss - Winner!

Build Orders: 1 Gate Expand 

Get SALT Encoding   

  12  0:00  Probe (Chrono Boost)  
  13  0:11  Probe (Chrono Boost)  
  14  0:20  Pylon  
  14  0:22  Probe (Chrono Boost)  
  15  0:37  Probe (Chrono Boost)  
  15  0:41  Gateway  
  16  0:48  Probe (Chrono Boost)  
  17  0:50  Assimilator  
  17  0:58  Probe (Chrono Boost)  
  18  1:08  Probe (Chrono Boost)  
  19  1:18  Probe (Chrono Boost)  
  20  1:27  Nexus  
  20  1:30  Probe (Chrono Boost)  
  21  1:42  Cybernetics Core  
  21  1:47  Pylon  
  21  1:49  Probe (Chrono Boost)  
  22  1:57  Assimilator  
  22  2:03  Probe (Chrono Boost)  
  22  2:05  Zealot  
  25  2:13  Probe (Chrono Boost)  
  25  2:15  Warp Gate (Chrono Boost)  
  26  2:26  Mothership Core  
  28  2:35  Adept  
  30  2:37  Probe  
  31  2:47  Probe x2  
  33  2:57  Gateway  
  33  2:58  Gateway  
  33  3:02  Probe, Adept  
  36  3:11  Probe  
  36  3:17  Stargate  
  36  3:23  Probe (Chrono Boost)  
  36  3:25  Probe (Chrono Boost)  
  38  3:31  Pylon  
  38  3:34  Stalker  
  40  3:35  Probe (Chrono Boost)  
  40  3:37  Probe (Chrono Boost)  
  42  3:41  Pylon  
  42  3:47  Probe x2 (Chrono Boost)  
  44  3:51  Forge  
  44  3:57  Probe x2 (Chrono Boost)  
  44  4:01  Oracle  
  49  4:07  Probe x2 (Chrono Boost)  
  51  4:12  Assimilator  
  51  4:13  Assimilator  
  51  4:17  Probe (Chrono Boost)  
  51  4:20  Sentry x2  
  56  4:24  Zealot  
  56  4:26  Pylon  
  56  4:29  Probe (Chrono Boost)  
  59  4:31  Probe (Chrono Boost)  
  59  4:32  Pylon  
  60  4:39  Protoss Ground Weapons Level 1  
  60  4:40  Probe (Chrono Boost)  
  61  4:46  Probe (Chrono Boost)  
  61  4:50  Probe (Chrono Boost)  
  61  4:52  Twilight Council  
  63  4:56  Probe (Chrono Boost), Pylon  
  63  4:59  Pylon  
  64  5:05  Probe (Chrono Boost)  
  65  5:19  Adept  
  65  5:20  Pylon  
  67  5:22  Nexus  
  67  5:24  Probe x2 (Chrono Boost)  
  69  5:34  Robotics Facility  
  65  5:40  Pylon  
  65  5:41  Void Ray (Chrono Boost)  
  69  5:49  Stargate  
  69  5:50  Adept  
  71  5:57  Probe x2 (Chrono Boost)  
  71  6:01  Adept x2  
  77  6:07  Probe x2  
  79  6:18  Shield Upgrade  
  77  6:19  Probe x2  
  77  6:20  Photon Cannon  
  77  6:24  Observer  
  77  6:25  Void Ray (Chrono Boost)  
  84  6:33  Probe x2  
  84  6:34  Void Ray (Chrono Boost)  
  84  6:37  Adept  
  84  6:38  Adept  
  84  6:39  Adept  
  96  6:47  Probe x2  
  96  6:48  Probe, Pylon  
  96  6:53  Protoss Ground Weapons Level 2  
  99  7:01  Void Ray (Chrono Boost)  
  102  7:08  Assimilator  
  103  7:10  Assimilator  
  103  7:14  Gateway x2  
  103  7:22  Sentry x2  
  107  7:23  Sentry, Gateway  
  107  7:24  Gateway  
  107  7:27  Pylon  
  109  7:35  Void Ray (Chrono Boost)  
  106  7:50  Adept x3  
  104  7:56  Void Ray (Chrono Boost)  
  102  8:00  Blink  
  102  8:04  Immortal  
  106  8:10  Void Ray (Chrono Boost)  
  110  8:13  Pylon  
  110  8:17  Adept x2  
  110  8:18  Adept  
  116  8:27  Pylon  
  116  8:32  Void Ray (Chrono Boost)  
  116  8:33  Zealot x4  
  125  8:43  Observer  
  125  8:46  Adept x3  
  132  8:49  Photon Cannon  
  132  8:51  Oracle (Chrono Boost), Photon Cannon  
  135  8:56  Adept  
  137  9:02  Pylon  
  137  9:05  Pylon  
  137  9:08  Adept x4  
  137  9:12  Adept x2  
  133  9:19  Observer  
  132  9:35  Adept, Void Ray x2 (Chrono Boost)  
  132  9:38  Adept  
  144  9:40  Warp Prism  
  146  9:50  Adept x4  
  154  9:55  Adept  
  156  10:06  Adept x2  
  160  10:12  Stalker x2  
  160  10:13  Pylon  
  163  10:17  Pylon  
  162  10:40  Adept  
  162  10:41  Adept x6  
  176  10:53  Nexus  
  176  10:56  Pylon  
  176  11:03  Adept x7  
  132  11:19  Protoss Ground Weapons Level 3  
  132  11:20  Immortal  
  126  11:26  Stalker x3  
  124  11:32  Stalker  
  124  11:33  Stalker x3  
  117  11:50  Adept x3  
  117  12:04  Adept x3  
  123  12:22  Adept x4  
  130  12:33  Adept x2  
  126  12:39  Observer  
  122  12:48  Sentry  
  122  12:49  Sentry x4  
  132  12:54  Adept  
  134  13:00  Adept  
  136  13:23  Observer  
  136  13:25  Oracle  
  140  13:44  Observer  
  141  13:50  Stalker x3  
  146  14:27  Adept x4  
  146  14:28  Adept  
Tags
 
Add a new tag
Caveats
  • Supply blocks, unpowered buildings, or Contaminate may cause inaccurate times.
  • Supply counts are checked every 10 seconds.